 Dungeon Crawl Stone Soup version 0.18-a0-1730-g73f0523 (webtiles) character file.

29 4thArraOfDagon the Chopper (level 3, 1/33 HPs)
             Began as a Hill Orc Berserker on Apr 10, 2016.
             Was a Follower of Trog.
             Quit the game on level 2 of the Dungeon.
             The game lasted 00:01:18 (192 turns).

4thArraOfDagon the Chopper (Hill Orc Berserker)      Turns: 192, Time: 00:01:19

Health: 1/33       AC:  2    Str: 19 (20) XL:     3   Next: 16%
Magic:  3/3        EV: 11    Int:  4 (7)  God:    Trog [*.....]
Gold:   13         SH:  0    Dex:  8 (10) Spells: 0 memorised, 2 levels left

rFire  . . .     SeeInvis .     a - +0 hand axe
rCold  . . .     Gourm    .     b - +0 animal skin
rNeg   . . .     Faith    .     (no shield)
rPois  +         Spirit   .     (no helmet)
rElec  .         Dismiss  .     (no cloak)
rCorr  .         Reflect  .     (no gloves)
SustAt .         Harm     .     (no boots)
MR     .....                    (no amulet)
Stlth  +.........               (no ring)
                                (no ring)

@: exhausted, very slightly contaminated, slowed, very slow, not resistant to
hostile enchantments, very unstealthy
A: blink, poison resistance, sturdy frame 1
a: Blink, Berserk, Burn Spellbooks, Renounce Religion


You were on level 2 of the Dungeon.
You worshipped Trog.
Trog was aware of your devotion.
You were hungry.

You visited 1 branch of the dungeon, and saw 2 of its levels.

You collected 13 gold pieces.

Inventory:

Hand Weapons
 a - a +0 hand axe (weapon)
Armour
 b - a +0 animal skin (worn)
Comestibles
 c - a bread ration
 h - 3 chunks of flesh


   Skills:
 + Level 3.9 Fighting
 * Level 5.0 Axes
 + Level 2.5 Armour
 - Level 1.5 Dodging


You had 2 spell levels left.
You didn't know any spells.

Dungeon Overview and Level Annotations

Branches:
Dungeon (2/15)

Altars:

Annotations:
D:2 Sigmund, Terence


Innate Abilities, Weirdness & Mutations

You can translocate small distances at will.
Your system is resistant to poisons.
Your movements are slightly less encumbered by armour (ER -2).


Message History

You are feeling hungry.
The adder barely misses you.
The giant cockroach bites you but does no damage.
Unknown command.
The adder bites you.
* * * LOW HITPOINT WARNING * * *
Unknown command.
Unknown command.
You aren't carrying any potions.
Read which item? (? for menu, Esc to quit)
Blink to where?
Press: ? - help, Dir - move target cursor, f - you Are you sure you want to cancel this blink?
Blink to where?
Press: ? - help, Dir - move target cursor
As you read the scroll labeled TET AD QUXTA, it crumbles to dust.
It was a scroll of blinking.
Terence shouts, "ATTACK!!!"
Unknown command.
Are you sure you want to abandon this character and quit the game? (Confirm with "yes".)

########## .......@.#
...#####.# #.# #S# ###
. #S# #..
....####)##### #.#
...>{.).s@...# #.#
...#####.###.#######
#.#
...@..............###.#


You could see Terence, 2 adders and a giant cockroach.

Vanquished Creatures
  An adder (D:2)
  A gnoll (D:2)
  A goblin (D:1)
  4 jackals (D:2)
  2 kobolds (D:2)
  2 rats
11 creatures vanquished.

Notes
Turn   | Place    | Note
--------------------------------------------------------------
     0 | D:1      | 4thArraOfDagon the Hill Orc Berserker began the quest for the Orb.
     0 | D:1      | Reached XP level 1. HP: 19/19 MP: 1/1
     6 | D:1      | Noticed a crocodile
     6 | D:1      | Noticed a killer bee
     6 | D:1      | Noticed a black bear
     6 | D:1      | Noticed a wolf
    47 | D:2      | Reached XP level 2. HP: 27/27 MP: 2/2
   116 | D:2      | Gained mutation: You can translocate small distances at will. [potion of mutation]
   116 | D:2      | Gained mutation: Your movements are slightly less encumbered by armour (ER -2). [potion of mutation]
   116 | D:2      | Gained mutation: Your system is resistant to poisons. [potion of mutation]
   174 | D:2      | Noticed Terence
   179 | D:2      | Noticed Sigmund
   181 | D:2      | Reached skill level 5 in Axes
   181 | D:2      | Reached XP level 3. HP: 24/33 MP: 3/3
   186 | D:2      | HP: 1/49 [adder (4)]
   192 | D:2      | Quit the game

Vault maps used:
D:1:      onia_arrival_zoo_common
D:2:      first_bread, uniq_iyjb, uniq_terence, uniq_sigmund, uniq_jessica

Skill      XL: |  1  2 |
---------------+-------+-----
Axes           | 5 |  5.0
Fighting       | |  3.9
Armour         | |  2.5
Dodging        | |  1.5

Action                   || total
-------------------------++-------
Melee: Hand axe          ||    30
Invok: Berserk           ||     3
  Use: Potion            ||     3
       Scroll            ||     1
